 Dungeon Crawl Stone Soup version 0.24.0-123-gd5b16e6ec5 (webtiles) character file.

Game seed: 13304428313857250441, levelgen mode: deterministic

97 Ponchio the Skirmisher (level 4, 0/30 HPs)
             Began as a Gargoyle Fighter on Dec 31, 2019.
             Slain by Grinder (1 damage)
             ... while paralysed by Grinder
             ... on level 3 of the Dungeon.
             The game lasted 00:04:03 (1841 turns).

Ponchio the Skirmisher (Gargoyle Fighter)           Turns: 1841, Time: 00:04:03

Health: 0/30       AC:  9    Str: 19    XL:     4   Next: 68%
Magic:  4/4        EV:  2    Int:  9    God:
Gold:   133        SH:  0    Dex: 10    Spells: 3/3 levels left

rFire    . . .     SeeInvis .   a - +0 flail
rCold    . . .     Gourm    .   c - +1 shield
rNeg     + . .     Faith    .   o - +0 ring mail (curse)
rPois    ∞         Spirit   .   (no helmet)
rElec    +         Reflect  .   (no cloak)
rCorr    .         Harm     .   (no gloves)
MR       .....                  (no boots)
Stlth    ..........             (no amulet)
HPRegen  0.10/turn              (no ring)
MPRegen  0.09/turn              (no ring)

@: paralysed
A: negative energy resistance 1, electricity resistance, unbreathing,
petrification resistance, rot immunity, AC +3
a: no special abilities


You were on level 3 of the Dungeon.
You were hungry.

You visited 1 branch of the dungeon, and saw 3 of its levels.

You collected 133 gold pieces.

Inventory:

Hand Weapons
 a - a +0 flail (weapon)
Armour
 c - a +1 shield (worn)
 o - a cursed +0 ring mail (worn)
Scrolls
 e - 2 scrolls of fog
 h - 2 scrolls of identify
 i - a scroll of immolation
Potions
 b - a potion of ambrosia
 d - 2 potions of might
 j - 2 potions of flight
 k - a potion of lignification {unknown}
Comestibles
 f - 4 rations
 g - 3 chunks of flesh


   Skills:
 + Level 4.7 Fighting
 + Level 3.6 Maces & Flails
 - Level 3.2 Armour
 - Level 3.2 Shields


You had 3 spell levels left.
You didn't know any spells.
Your spell library was empty.

Dungeon Overview and Level Annotations

Branches:
Dungeon (3/15)

Altars:
Zin

Annotations:
D:3 Grinder


Innate Abilities, Weirdness & Mutations

You are resistant to torment.
Your stone body is resilient. (AC +3)
You are immune to poison.
You resist negative energy. (rN+)
You are resistant to electric shocks. (rElec)
You can survive without breathing.
You are immune to petrification.
You are immune to rotting.


Message History

You feel better. Grinder closely misses you. The goblin closely misses you.
You closely miss Grinder.
Grinder is moderately wounded.
You block Grinder's attack. The goblin closely misses you.
Your shield and ring mail prevent you from hitting Grinder.
Grinder is moderately wounded.
Grinder gestures at you.
You suddenly lose the ability to move!
The goblin hits you but does no damage. Grinder hits you.
* * * LOW HITPOINT WARNING * * *
You writhe in agony.
* * * LOW HITPOINT WARNING * * *
The goblin hits you but does no damage.
Grinder grins, showing sharp teeth.
Grinder hits you.
* * * LOW HITPOINT WARNING * * *
The goblin hits you but does no damage. Grinder hits you.
* * * LOW HITPOINT WARNING * * *
You writhe in agony.
You die...

############################
./>...........wg@5....##...#
....#################.##...#
....# #.......#...# ....#
#.......#...# ...#.
.##...........# ##. .
###.##......#....# .. ..
..#.##......#....# #. .#
####.#.##......##.### .. ..
....#.#######.##.#


You could see Grinder, a dart slug and a goblin.

Vanquished Creatures
  3 gnolls (D:2)
  An adder (D:3)
  2 oozes
  2 worms (D:2)
  3 leopard geckos
  6 bats
  2 giant cockroaches (D:1)
  5 goblins
  4 hobgoblins
  2 quokkas (D:2)
  4 ball pythons
  3 frilled lizards
  4 kobolds
  2 rats (D:1)
43 creatures vanquished.

Notes
Turn   | Place    | Note
-------+----------+-------------------------------------------
     0 | D:1      | Ponchio the Gargoyle Fighter began the quest for the Orb.
     0 | D:1      | Reached XP level 1. HP: 14/14 MP: 1/1
   104 | D:1      | Reached XP level 2. HP: 17/19 MP: 2/2
   670 | D:1      | Reached XP level 3. HP: 24/24 MP: 3/3
   847 | D:2      | Reached skill level 4 in Fighting
   968 | D:2      | Reached XP level 4. HP: 19/30 MP: 4/4
  1138 | D:2      | Found a glowing silver altar of Zin.
  1801 | D:3      | Noticed Grinder
  1832 | D:3      | Paralysed by Grinder for 5 turns
  1836 | D:3      | HP: 1/30 [Grinder (1)]
  1839 | D:3      | Paralysed by Grinder for 4 turns
  1841 | D:3      | HP: 1/30 [Grinder (5)]
  1841 | D:3      | Slain by Grinder

Levels and vault maps discovered:
D:1:      dpeg_arrival_boxes_within_box, layout_basic
D:2:      layout_loops_ring, zin_treasury
D:3:      layout_basic, lemuel_coloured_pillars_altar, item_on_display_a,
          uniq_grinder

Skill      XL: |  1  2  3 |
---------------+----------+-----
Fighting       | 4 |  4.7
Maces & Flails | 3 |  3.6
Armour         | |  3.2
Shields        | |  3.2

Action                   |  1- 3 |  4- 6 || total
-------------------------+-------+-------++-------
Melee: Flail             |   148 |    78 ||   226
  Use: Scroll            |       |     9 ||     9
       Potion            |       |     1 ||     1
  Eat: Chunk             |       |     3 ||     3
Armor: Scale mail        |    90 |    12 ||   102
       Ring mail         |       |    25 ||    25
Dodge: Dodged            |    53 |    24 ||    77
Block: Shield            |    81 |    35 ||   116
